Workbook
Name Analis: #REF!
Name Analis: #REF!
Name Analis: #REF!
Name Andres123: #REF!
Name Andres123: #REF!
Name Andres123: #REF!
Name CompanyAddress: #REF!
Name CompanyAddress: #REF!
Name CompanyAddress: #REF!
Name CompanyCity: #REF!
Name CompanyCity: #REF!
Name CompanyCity: #REF!
Name CompanyContactsHeader: #REF!
Name CompanyContactsHeader: #REF!
Name CompanyContactsHeader: #REF!
Name CompanyCountry: #REF!
Name CompanyCountry: #REF!
Name CompanyCountry: #REF!
Name CompanyName: #REF!
Name CompanyName: #REF!
Name CompanyName: #REF!
Name CompanyState: #REF!
Name CompanyState: #REF!
Name CompanyState: #REF!
Name CompanyZip: #REF!
Name CompanyZip: #REF!
Name CompanyZip: #REF!
Name curva: "Chart 11"
Name DataDisplayed: "Ejemplo"
Name DENS: #REF!
Name DENS: #REF!
Name DENS: #REF!
Name densi: #REF!
Name densi: #REF!
Name densi: #REF!
Name dhsd: #REF!
Name dhsd: #REF!
Name dhsd: #REF!
Name DOT: #REF!
Name DOT: #REF!
Name DOT: #REF!
Name dota: #REF!
Name dota: #REF!
Name dota: #REF!
Name ERR: #REF!
Name ERR: #REF!
Name ERR: #REF!
Name erra: #REF!
Name erra: #REF!
Name erra: #REF!
Name INF: #REF!
Name INF: #REF!
Name INF: #REF!
Name INFF: #REF!
Name INFF: #REF!
Name INFF: #REF!
Name infi: #REF!
Name infi: #REF!
Name infi: #REF!
Name INSUMOS: [1]Insumos!$B:$E

Sheet 1. VULN_GUAT Y MIST
B3: ESTUDIO DE VULNERABILIDAD SISMICA DE LAS PLANTAS DE TRATAMIENTO DE AGUA POTABLE Y TANQUES DE ALMACENAMIENTO DE LOS MUNICIPIOS DE MISTRATÓ Y GUÁTICA DEL DEPARTAMENTO DE RISARALDA
A5: I. PERSONAL
A6: PERSONAL | B6: UNIDAD | C6: CANT | D6: DEDICACIÓN MENSUAL (%) | E6: DURACION TOTAL (MESES) | F6: PARTICIPACIÓN | H6: SUELDO BASICO MENSUAL (TARIFA) | I6: VALOR TOTAL
F7: MES 1 | G7: MES 2
A8: 1. PERSONAL PROFESIONAL
A9: Director General de Proyecto | B9: H/MES | C9: 1 | D9: 0.3 | E9: 2 | F9: 0.3 | G9: 0.3 | H9: =+Salarios!E29 -> 5000000 | I9: =+D9*E9*H9 -> 3000000
A10: Especialista hidráulico | B10: H/MES | C10: 1 | D10: 0.5 | E10: 2 | F10: 0.5 | G10: 0.5 | H10: =+Salarios!E32 -> 4000000 | I10: =+D10*E10*H10 -> 4000000
A11: Especialista Estructural | B11: H/MES | C11: 1 | D11: 1 | E11: 2 | F11: 1 | G11: 1 | I11: =+D11*E11*H11 -> 0
A12: Especialista Geotecnia | B12: H/MES | C12: 1 | D12: 1 | E12: 2 | F12: 1 | G12: 1 | I12: =+D12*E12*H12 -> 0
A13: SUBTOTAL PERSONAL PROFESIONAL | I13: =SUM(I9:I12) -> 7000000
A15: 2. PERSONAL TÉCNICO
A16: Dibujante | B16: H/MES | C16: 1 | D16: 1 | E16: 2 | F16: 1 | G16: 1 | I16: =+E16*F16*H16 -> 0
A17: SUBTOTAL PERSONAL TÉCNICO | I17: =+I16 -> 0
A19: 2. PERSONAL AUXILIAR TECNICO
A20: Profesional Ambiental | B20: H/MES | C20: 1 | D20: 0.5 | E20: 2 | F20: 0.5 | G20: 0.5 | H20: =+Salarios!E39 -> 3250000 | I20: =+E20*D20*H20 -> 3250000
A21: Profesional SISO | B21: H/MES | C21: 1 | D21: 0.5 | E21: 2 | F21: 0.5 | G21: 0.5 | H21: =+H20 -> 3250000 | I21: =+E21*D21*H21 -> 3250000
A22: Auxiliar de Ingenieria | B22: H/MES | C22: 1 | D22: 1 | E22: 2 | F22: 1 | G22: 1 | H22: =+H21 -> 3250000 | I22: =+E22*D22*H22 -> 6500000
A23: Secretaria | B23: H/MES | C23: 1 | D23: 1 | E23: 2 | F23: 1 | G23: 1 | H23: 1000000 | I23: =+E23*D23*H23 -> 2000000
A24: SUBTOTAL PERSONAL AUXILIAR TÉCNICO | I24: =SUM(I20:I23) -> 15000000
A26: SUBTOTAL PERSONAL | I26: =+I13+I17+I24 -> 22000000
A27: FM | D27: =+'F.M.'!E40 -> 1.9991 | I27: =+I26*D27 -> 43980200
A28: TOTAL PERSONAL | I28: =(+I13+I17+I24)+I27 -> 65980200
A30: II. COSTOS DIRECTOS
A31: DESCRIPCIÓN | B31: UNIDAD | D31: CANTIDAD | E31: TIEMPO (MESES) | H31: TARIFA | I31: VALOR TOTAL
A32: II.1. TRAZADO TOPOGRAFÍA
A33: Trazado topográfico, incluye topógrafo, 2 cadeneros, equipo de topografía, desplazamientos, vehículo, alojamiento, comida y demás gastos que se requierean para realizar la actividad. | B33: UND | D33: 2 | H33: 3000000 | I33: =+H33*D33 -> 6000000
A34: SUBTOTAL TOPOGRAFIA | I34: =+I33 -> 6000000
A36: II.2. VEHÍCULOS
A37: Campero, Pick-Up, Camioneta, Camión o similar >2000 c.c. | B37: UND | D37: 1 | E37: 2 | F37: 1 | G37: 1 | H37: 5000000 | I37: =+H37*(E37*D37) -> 10000000
A38: SUBTOTAL VEHÍCULOS | I38: =+I37 -> 10000000
A40: II.3. VIÁTICOS
A41: Alojamiento + Alimentación | B41: Mes | D41: 0.25 | E41: 2 | F41: 0.25 | G41: 0.25 | H41: 8000000 | I41: =+H41*(E41*D41) -> 4000000
A42: SUBTOTAL VIATICOS | I42: =+I41 -> 4000000
A44: II.4. ESTUDIOS DE GEOTECNIA
A45: Ensayos para estudios de suelos (incluye toma y transporte), h = 6m, 3 apiquex x estrcutura. | B45: GLOBAL (RECONOCIMIENTO POR REEMBOLSO) | D45: 6 | H45: 2000000 | I45: =+H45*D45 -> 12000000 | J45: Planta, Edificio, y tanques | K45: 36
A46: Otros estudios especializados (Est. De taludes, geomorfologicos y geofisicos ,etc.) | B46: GLOBAL (RECONOCIMIENTO POR REEMBOLSO) | D46: 2 | H46: 2000000 | I46: =+H46*D46 -> 4000000 | K46: 12
A47: SUBTOTAL GEOTECNIA | I47: =+I46+I45 -> 16000000
A49: II.5. ESTUDIOS ESTRUCTURA
A50: Levanatamiento arquitectónico y estrucutral de las estrucutras | B50: GLOBAL (RECONOCIMIENTO POR REEMBOLSO) | D50: 6 | H50: 2000000 | I50: =+H50*D50 -> 12000000 | J50: 36000000
A51: Estudio patológico de estrucutras (inlcuye Extracción de nucleos, Pruebas de Ferroscan, Ensayos de carbonatación, regatas para verificación de acero y otros ensayos que el especialista considere pertinentes) | B51: GLOBAL (RECONOCIMIENTO POR REEMBOLSO) | D51: 6 | H51: 5100000 | I51: =+H51*D51 -> 30600000 | J51: 36000000
A52: Estudio de análisis de Vulnerabilidad sísmica de las estructuras de acuerdo al titulo A.10 de la NSR-10 | B52: GLOBAL (RECONOCIMIENTO POR REEMBOLSO) | D52: 6 | H52: 5100000 | I52: =+H52*D52 -> 30600000 | J52: 9000000
A53: Diseñeo del reforzamiento estructural en cumplimiento con la NSR-10 (Inlcuye planos constructivos, detalle de reforzamiento, memorias de cálculo, memorias de cantidades y presuesto final) | B53: GLOBAL (RECONOCIMIENTO POR REEMBOLSO) | D53: 6 | H53: 5100000 | I53: =+H53*D53 -> 30600000 | J53: 36000000
A54: Estudio de Materiales (3 Núcleos x estructura) | B54: GLOBAL (RECONOCIMIENTO POR REEMBOLSO) | D54: 6 | H54: 2000000
A55: Mapeo del Acero (Detector de Metales; 4 regates x estructura) | B55: GLOBAL (RECONOCIMIENTO POR REEMBOLSO) | D55: 6 | H55: 2000000
A56: Ensayos Carbonatación | B56: GLOBAL (RECONOCIMIENTO POR REEMBOLSO) | D56: 6 | H56: 2000000
A57: Diagnóstico Patológico de Estructuras | B57: GLOBAL (RECONOCIMIENTO POR REEMBOLSO) | D57: 6 | H57: 2000000
A58: Informe Alternativas de Intevención | B58: GLOBAL (RECONOCIMIENTO POR REEMBOLSO) | D58: 2 | H58: 2000000 | J58: 12000000
A59: Informe de Diseño | B59: GLOBAL (RECONOCIMIENTO POR REEMBOLSO) | D59: 2 | H59: 2000000 | J59: 12000000
A60: SUBTOTAL LABORATORIOS Y ESTUDIOS | I60: =SUM(I50:I59) -> 103800000
A62: II.6. OTROS GASTOS
A63: Equipos de Computo | B63: MES | D63: 2 | E63: 2 | F63: 1 | G63: 1 | H63: =+Salarios!G51 -> 800000 | I63: =+H63*D63*E63 -> 3200000
A64: Comunicaciones | B64: MES | D64: 2 | E64: 2 | F64: 1 | G64: 1 | H64: 150000 | I64: =+H64*D64*E64 -> 600000
A65: Oficina | B65: MES | D65: 2 | E65: 2 | F65: 1 | G65: 1 | H65: =+Salarios!G50 -> 460000 | I65: =+H65*D65*E65 -> 1840000
A66: SUBTOTAL INFORMACION | I66: =SUM(I63:I65) -> 5640000
A69: TOTAL COSTOS DIRECTOS | I69: =+I34+I38+I42+I47+I60+I66 -> 145440000
A71: VALOR CONSULTORIA | I71: =+I28+I69 -> 211420200
A72: IVA (19%) | I72: =+I71*0.19 -> 40169838
A73: VALOR TOTAL | I73: =+I71+I72 -> 251590038

Sheet 1. VULN_SANT LA CELIA
B3: ESTUDIO DE VULNERABILIDAD SISMICA DE LAS PLANTAS DE TRATAMIENTO DE AGUA POTABLE Y TANQUES DE ALMACENAMIENTO DE LOS MUNICIPIOS DE SANTUARIO, MISTRATÓ, GUÁTICA Y LA CELIA, DEPARTAMENTO DE RISARALDA
A5: I. PERSONAL
A6: PERSONAL | B6: UNIDAD | C6: CANT | D6: DEDICACIÓN MENSUAL (%) | E6: DURACION TOTAL (MESES) | F6: PARTICIPACIÓN | H6: SUELDO BASICO MENSUAL (TARIFA) | I6: VALOR TOTAL
F7: MES 1 | G7: MES 2
A8: 1. PERSONAL PROFESIONAL
A9: Director General de Proyecto | B9: H/MES | C9: 1 | D9: 0.25 | E9: 2 | F9: 0.25 | G9: 0.25 | H9: =+Salarios!E29 -> 5000000 | I9: =+D9*E9*H9 -> 2500000
A10: Especialista hidráulico (PTAP y acueducto) | B10: H/MES | C10: 1 | D10: 1 | E10: 2 | F10: 1 | G10: 1 | H10: =+Salarios!E32 -> 4000000 | I10: =+D10*E10*H10 -> 8000000
A11: Especialista Estructural | B11: H/MES | C11: 1 | D11: 1 | E11: 2 | F11: 1 | G11: 1 | H11: =+Salarios!E33 -> 4000000 | I11: =+D11*E11*H11 -> 8000000
A12: Especialista Geotecnia | B12: H/MES | C12: 1 | D12: 1 | E12: 2 | F12: 1 | G12: 1 | H12: =+Salarios!E37 -> 4000000 | I12: =+D12*E12*H12 -> 8000000
A13: SUBTOTAL PERSONAL PROFESIONAL | I13: =SUM(I9:I12) -> 26500000
A15: 2. PERSONAL TÉCNICO
A16: Dibujante | B16: H/MES | C16: 1 | D16: 1 | E16: 2 | F16: 1 | G16: 1 | H16: =+Salarios!E40 -> 2000000 | I16: =+E16*F16*H16 -> 4000000
A17: SUBTOTAL PERSONAL TÉCNICO | I17: =+I16 -> 4000000
A19: 3. PERSONAL AUXILIAR TECNICO
A20: Profesional Ambiental | B20: H/MES | C20: 1 | D20: 0.5 | E20: 2 | F20: 0.5 | G20: 0.5 | H20: =+Salarios!E39 -> 3250000 | I20: =+E20*D20*H20 -> 3250000
A21: Profesional SISO | B21: H/MES | C21: 1 | D21: 0.5 | E21: 2 | F21: 0.5 | G21: 0.5 | H21: =+Salarios!E36 -> 4000000 | I21: =+E21*D21*H21 -> 4000000
A22: Auxiliar de Ingenieria | B22: H/MES | C22: 1 | D22: 1 | E22: 2 | F22: 1 | G22: 1 | H22: 2000000 | I22: =+E22*D22*H22 -> 4000000
A23: Secretaria | B23: H/MES | C23: 1 | D23: 1 | E23: 2 | F23: 1 | G23: 1 | H23: 1000000 | I23: =+E23*D23*H23 -> 2000000
A24: SUBTOTAL PERSONAL AUXILIAR TÉCNICO | I24: =SUM(I20:I23) -> 13250000
A26: SUBTOTAL PERSONAL | I26: =+I13+I17+I24 -> 43750000
A27: FM | D27: =+'F.M.'!E40 -> 1.9991 | I27: =+I26*D27 -> 87460625
A28: TOTAL PERSONAL | I28: =(+I13+I17+I24)+I27 -> 131210625
A30: II. COSTOS DIRECTOS
A31: DESCRIPCIÓN | B31: UNIDAD | D31: CANTIDAD | E31: TIEMPO (MESES) | H31: TARIFA | I31: VALOR TOTAL
A32: II.1. TRAZADO TOPOGRAFÍA
A33: Trazado topográfico, incluye topógrafo, 2 cadeneros, equipo de topografía, desplazamientos, vehículo, alojamiento, comida y demás gastos que se requierean para realizar la actividad. | B33: UND | D33: 4 | H33: 3000000 | I33: =+H33*D33 -> 12000000
A34: SUBTOTAL TOPOGRAFIA | I34: =+I33 -> 12000000
A36: II.2. VEHÍCULOS
A37: Campero, Pick-Up, Camioneta, Camión o similar >2000 c.c. | B37: UND | D37: 1 | E37: 2 | F37: 1 | G37: 1 | H37: 5000000 | I37: =+H37*(E37*D37) -> 10000000
A38: SUBTOTAL VEHÍCULOS | I38: =+I37 -> 10000000
A40: II.3. VIÁTICOS
A41: Alojamiento + Alimentación | B41: Mes | D41: 0.25 | E41: 2 | F41: 0.25 | G41: 0.25 | H41: 8000000 | I41: =+H41*(E41*D41) -> 4000000
A42: SUBTOTAL VIATICOS | I42: =+I41 -> 4000000
A44: II.4. ESTUDIOS DE GEOTECNIA
A45: Ensayos para estudios de suelos (incluye toma y transporte), h = 5m, 3 apiquex x estrcutura. | B45: GLOBAL (RECONOCIMIENTO POR REEMBOLSO) | D45: 12 | H45: 3000000 | I45: =+H45*D45 -> 36000000 | J45: Planta, Edificio, y tanques | K45: 36
A46: Otros estudios especializados (Est. De taludes, geomorfologicos y geofisicos ,etc.) | B46: GLOBAL (RECONOCIMIENTO POR REEMBOLSO) | D46: 4 | H46: 3000000 | I46: =+H46*D46 -> 12000000 | K46: 12
A47: SUBTOTAL GEOTECNIA | I47: =+I46+I45 -> 48000000
A49: II.5. ESTUDIOS ESTRUCTURA
A50: Estudio de Materiales (3 Núcleos x estructura) | B50: GLOBAL (RECONOCIMIENTO POR REEMBOLSO) | D50: 12 | H50: 3000000 | I50: =+H50*D50 -> 36000000 | J50: 36000000
A51: Mapeo del Acero (Detector de Metales; 4 regates x estructura) | B51: GLOBAL (RECONOCIMIENTO POR REEMBOLSO) | D51: 12 | H51: 3000000 | I51: =+H51*D51 -> 36000000 | J51: 36000000
A52: Ensayos Carbonatación | B52: GLOBAL (RECONOCIMIENTO POR REEMBOLSO) | D52: 12 | H52: 1000000 | I52: =+H52*D52 -> 12000000 | J52: 9000000
A53: Diagnóstico Patológico de Estructuras | B53: GLOBAL (RECONOCIMIENTO POR REEMBOLSO) | D53: 12 | H53: 3000000 | I53: =+H53*D53 -> 36000000 | J53: 36000000
A54: Informe Alternativas de Intevención | B54: GLOBAL (RECONOCIMIENTO POR REEMBOLSO) | D54: 4 | H54: 3000000 | I54: =+H54*D54 -> 12000000 | J54: 12000000
A55: Informe de Diseño | B55: GLOBAL (RECONOCIMIENTO POR REEMBOLSO) | D55: 4 | H55: 3000000 | I55: =+H55*D55 -> 12000000 | J55: 12000000
A56: SUBTOTAL LABORATORIOS Y ESTUDIOS | I56: =SUM(I50:I55) -> 144000000
A58: II.6. OTROS GASTOS
A59: Equipos de Computo | B59: MES | D59: 2 | E59: 2 | F59: 1 | G59: 1 | H59: =+Salarios!G51 -> 800000 | I59: =+H59*D59*E59 -> 3200000
A60: Comunicaciones | B60: MES | D60: 2 | E60: 2 | F60: 1 | G60: 1 | H60: =+Salarios!G53 -> 155000 | I60: =+H60*D60*E60 -> 620000
A61: Oficina | B61: MES | D61: 2 | E61: 2 | F61: 1 | G61: 1 | H61: =+Salarios!G50 -> 460000 | I61: =+H61*D61*E61 -> 1840000
A62: SUBTOTAL INFORMACION | I62: =SUM(I59:I61) -> 5660000
A65: TOTAL COSTOS DIRECTOS | I65: =+I34+I38+I42+I47+I56+I62 -> 223660000
A67: VALOR CONSULTORIA | I67: =+I28+I65 -> 354870625
A68: IVA (19%) | I68: =+I67*0.19 -> 67425419
A69: VALOR TOTAL | I69: =+I67+I68 -> 4.2229604e+08

Sheet 2. Interventoria
C1: INTERVENTORIA TÉCNICA, ADMINISTRATIVA Y FINANCIERA A LOS ESTUDIOS DE VULNERABILIDAD SISMICA DE LAS PLANTAS DE TRATAMIENTO DE AGUA POTABLE Y TANQUES DE ALMACENAMIENTO DE LOS MUNICIPIOS DE MISTRATÓ Y GUÁTICA DEL DEPARTAMENTO DE RISARALDA
B4: PRESUPUESTO INTERVENTORÍA: | C4: =+F31 -> 24652784
B5: PLAZO (MESES): | C5: 2.5
B7: PERSONAL DE PLANILLA (CON VINCULACIÓN) | C7: SUELDO MES | D7: DEDICACION MES | E7: No. MESES | F7: V/r PARCIAL
B8: Director de Interventoría | C8: =+'1. VULN_GUAT Y MIST'!H9 -> 5000000 | D8: 0.3 | E8: =+C5 -> 2.5 | F8: =C8*D8*E8 -> 3750000
C9: ,
D10: Factor Multiplicador | E10: =+'F.M.'!E40 -> 1.9991 | F10: =+SUM(F8:F8) -> 3750000
B12: Subtotal Personal de Planilla | F12: =+E10*F10 -> 7496625
B14: PERSONAL DE APOYO (PRESTACIÓN DE SERVICIOS) | C14: SUELDO MES | D14: DEDICACION MES | E14: No. MESES | F14: V/r PARCIAL
B15: Asesor Hidráulico | C15: =+'1. VULN_GUAT Y MIST'!H10 -> 4000000 | D15: 0.5 | E15: 2 | F15: =C15*D15*E15 -> 4000000
B16: Asesor Estructural | C16: =+C15 -> 4000000 | D16: 0.5 | E16: 2 | F16: =C16*D16*E16 -> 4000000
B17: Asesor Geotécnia | C17: =+C16 -> 4000000 | D17: 0.3 | E17: 2 | F17: =C17*D17*E17 -> 2400000
B20: Subtotal Personal de Apoyo | F20: =SUM(F15:F18) -> 10400000
B22: COSTOS INDIRECTOS | C22: UNIDAD | D22: CANTIDAD | E22: VALOR | F22: V/r PARCIAL
B23: Equipos de Computo | C23: mes | D23: 2 | E23: =+'1. VULN_GUAT Y MIST'!H63 -> 800000 | F23: =D23*E23 -> 1600000
B24: Comunicaciones | C24: mes | D24: 2 | E24: =+'1. VULN_GUAT Y MIST'!H64 -> 150000 | F24: =D24*E24 -> 300000
B25: Oficina | C25: mes | D25: 2 | E25: =+'1. VULN_GUAT Y MIST'!H65 -> 460000 | F25: =D25*E25 -> 920000
B27: Subtotal Costos Indirectos | F27: =SUM(F23:F25) -> 2820000
B29: COSTOS DIRECTOS | F29: =ROUND(SUM(F12+F20+F27),0) -> 20716625
B30: IVA (19.0%) | F30: =ROUND(0.19*(SUM(F29:F29)),0) -> 3936159
B31: PRESUPUESTO TOTAL INTERVENTORÍA | F31: =+F30+F29 -> 24652784

Sheet VULN_GUAT Y MIST
B3: =+'1. VULN_GUAT Y MIST'!B3:H3 -> ESTUDIO DE VULNERABILIDAD SISMICA DE LAS PLANTAS DE TRATAMIENTO DE AGUA POTABLE Y TANQUES DE ALMACENAMIENTO DE LOS MUNICIPIOS DE MISTRATÓ Y GUÁTICA DEL DEPARTAMENTO DE RISARALDA
A5: I. PERSONAL
A6: PERSONAL | B6: UNIDAD | C6: CANT | D6: DEDICACIÓN MENSUAL (%) | E6: DURACION TOTAL (MESES) | F6: PARTICIPACIÓN | H6: SUELDO BASICO MENSUAL (TARIFA) | I6: VALOR TOTAL
F7: MES 1 | G7: MES 2
A8: 1. PERSONAL PROFESIONAL
A9: Director General de Proyecto | B9: H/MES | C9: 1 | D9: 0.3 | E9: 2 | F9: 0.3 | G9: 0.3 | I9: =+D9*E9*H9 -> 0
A10: Especialista hidráulico | B10: H/MES | C10: 1 | D10: 0.5 | E10: 2 | F10: 0.5 | G10: 0.5 | I10: =+D10*E10*H10 -> 0
A11: Especialista Estructural | B11: H/MES | C11: 1 | D11: 1 | E11: 2 | F11: 1 | G11: 1 | I11: =+D11*E11*H11 -> 0
A12: Especialista Geotecnia | B12: H/MES | C12: 1 | D12: 1 | E12: 2 | F12: 1 | G12: 1 | I12: =+D12*E12*H12 -> 0
A13: SUBTOTAL PERSONAL PROFESIONAL | I13: =SUM(I9:I12) -> 0
A15: 2. PERSONAL TÉCNICO
A16: Dibujante | B16: H/MES | C16: 1 | D16: 1 | E16: 2 | F16: 1 | G16: 1 | I16: =+E16*F16*H16 -> 0
A17: SUBTOTAL PERSONAL TÉCNICO | I17: =+I16 -> 0
A19: 2. PERSONAL AUXILIAR TECNICO
A20: Profesional Ambiental | B20: H/MES | C20: 1 | D20: 0.5 | E20: 2 | F20: 0.5 | G20: 0.5 | I20: =+E20*D20*H20 -> 0
A21: Profesional SISO | B21: H/MES | C21: 1 | D21: 0.5 | E21: 2 | F21: 0.5 | G21: 0.5 | I21: =+E21*D21*H21 -> 0
A22: Auxiliar de Ingenieria | B22: H/MES | C22: 1 | D22: 1 | E22: 2 | F22: 1 | G22: 1 | I22: =+E22*D22*H22 -> 0
A23: Secretaria | B23: H/MES | C23: 1 | D23: 1 | E23: 2 | F23: 1 | G23: 1 | I23: =+E23*D23*H23 -> 0
A24: SUBTOTAL PERSONAL AUXILIAR TÉCNICO | I24: =SUM(I20:I23) -> 0
A26: SUBTOTAL PERSONAL | I26: =+I13+I17+I24 -> 0
A27: FM | D27: =+'F.M.'!E40 -> 1.9991 | I27: =+I26*D27 -> 0
A28: TOTAL PERSONAL | I28: =(+I13+I17+I24)+I27 -> 0
A30: II. COSTOS DIRECTOS
A31: DESCRIPCIÓN | B31: UNIDAD | D31: CANTIDAD | E31: TIEMPO (MESES) | H31: TARIFA | I31: VALOR TOTAL
A32: II.1. TRAZADO TOPOGRAFÍA
A33: Trazado topográfico, incluye topógrafo, 2 cadeneros, equipo de topografía, desplazamientos, vehículo, alojamiento, comida y demás gastos que se requierean para realizar la actividad. | B33: UND | D33: 2 | I33: =+H33*D33 -> 0
A34: SUBTOTAL TOPOGRAFIA | I34: =+I33 -> 0
A36: II.2. VEHÍCULOS
A37: Campero, Pick-Up, Camioneta, Camión o similar >2000 c.c. | B37: UND | D37: 1 | E37: 2 | F37: 1 | G37: 1 | I37: =+H37*(E37*D37) -> 0
A38: SUBTOTAL VEHÍCULOS | I38: =+I37 -> 0
A40: II.3. VIÁTICOS
A41: Alojamiento + Alimentación | B41: Mes | D41: 0.25 | E41: 2 | F41: 0.25 | G41: 0.25 | I41: =+H41*(E41*D41) -> 0
A42: SUBTOTAL VIATICOS | I42: =+I41 -> 0
A44: II.4. ESTUDIOS DE GEOTECNIA
A45: Ensayos para estudios de suelos (incluye toma y transporte), h = 6m, 3 apiquex x estrcutura. | B45: GLOBAL (RECONOCIMIENTO POR REEMBOLSO) | D45: 6 | I45: =+H45*D45 -> 0 | J45: Planta, Edificio, y tanques | K45: 36
A46: Otros estudios especializados (Est. De taludes, geomorfologicos y geofisicos ,etc.) | B46: GLOBAL (RECONOCIMIENTO POR REEMBOLSO) | D46: 2 | I46: =+H46*D46 -> 0 | K46: 12
A47: SUBTOTAL GEOTECNIA | I47: =+I46+I45 -> 0
A49: II.5. ESTUDIOS ESTRUCTURA
A50: Levanatamiento arquitectónico y estrucutral de las estrucutras | B50: GLOBAL (RECONOCIMIENTO POR REEMBOLSO) | D50: 6 | I50: =+H50*D50 -> 0 | J50: 36000000
A51: Estudio patológico de estrucutras (inlcuye Extracción de nucleos, Pruebas de Ferroscan, Ensayos de carbonatación, regatas para verificación de acero y otros ensayos que el especialista considere pertinentes) | B51: GLOBAL (RECONOCIMIENTO POR REEMBOLSO) | D51: 6 | I51: =+H51*D51 -> 0 | J51: 36000000
A52: Estudio de análisis de Vulnerabilidad sísmica de las estructuras de acuerdo al titulo A.10 de la NSR-10 | B52: GLOBAL (RECONOCIMIENTO POR REEMBOLSO) | D52: 6 | I52: =+H52*D52 -> 0 | J52: 9000000
A53: Diseñeo del reforzamiento estructural en cumplimiento con la NSR-10 (Inlcuye planos constructivos, detalle de reforzamiento, memorias de cálculo, memorias de cantidades y presuesto final) | B53: GLOBAL (RECONOCIMIENTO POR REEMBOLSO) | D53: 6 | I53: =+H53*D53 -> 0 | J53: 36000000
A54: Estudio de Materiales (3 Núcleos x estructura) | B54: GLOBAL (RECONOCIMIENTO POR REEMBOLSO) | D54: 6 | H54: 2000000
A55: Mapeo del Acero (Detector de Metales; 4 regates x estructura) | B55: GLOBAL (RECONOCIMIENTO POR REEMBOLSO) | D55: 6 | H55: 2000000
A56: Ensayos Carbonatación | B56: GLOBAL (RECONOCIMIENTO POR REEMBOLSO) | D56: 6 | H56: 2000000
A57: Diagnóstico Patológico de Estructuras | B57: GLOBAL (RECONOCIMIENTO POR REEMBOLSO) | D57: 6 | H57: 2000000
A58: Informe Alternativas de Intevención | B58: GLOBAL (RECONOCIMIENTO POR REEMBOLSO) | D58: 2 | H58: 2000000 | J58: 12000000
A59: Informe de Diseño | B59: GLOBAL (RECONOCIMIENTO POR REEMBOLSO) | D59: 2 | H59: 2000000 | J59: 12000000
A60: SUBTOTAL LABORATORIOS Y ESTUDIOS | I60: =SUM(I50:I59) -> 0
A62: II.6. OTROS GASTOS
A63: Equipos de Computo | B63: MES | D63: 2 | E63: 2 | F63: 1 | G63: 1 | I63: =+H63*D63*E63 -> 0
A64: Comunicaciones | B64: MES | D64: 2 | E64: 2 | F64: 1 | G64: 1 | I64: =+H64*D64*E64 -> 0
A65: Oficina | B65: MES | D65: 2 | E65: 2 | F65: 1 | G65: 1 | I65: =+H65*D65*E65 -> 0
A66: SUBTOTAL INFORMACION | I66: =SUM(I63:I65) -> 0
A69: TOTAL COSTOS DIRECTOS | I69: =+I34+I38+I42+I47+I60+I66 -> 0
A71: VALOR CONSULTORIA | I71: =+I28+I69 -> 0
A72: IVA (19%) | I72: =+I71*0.19 -> 0
A73: VALOR TOTAL | I73: =+I71+I72 -> 0
I74: 908526
I76: =+I73/I74 -> 0

Sheet 1. Propuesta
C1: EMPRESA AGUAS Y ASEO DE RISARALDA S.A. E.S.P. MC-EAAR-04-2023
B3: FORMATO DE PROPUESTA ECONOMICA MÍNIMA CUANTIA
B5: Lugar y fecha Señores: EMPRESA AGUAS Y ASEO DE RISARALDA S.A.E.S.P (Nombre del Proponente) identificado con cédula de ciudadanía No. XXX expedida en XXXXXXX, en calidad de XXXXXXXX, me permito presentar propuesta técnico - económica dentro del proceso de Mínima Cuantía MC-EAAR-XXX-2023 cuyo objeto es: XXXXXXXXXXXXXXXXXXXXXX., en los siguientes términos:
B7: ÍTEM | C7: CONCEPTO | D7: REFERENCIA | E7: VALOR TOTAL
B8: 1 | C8: LICENCIA ANTIVIRUS 5 EQUIPOS. POR UN AÑO
B9: 2 | C9: LICENCIA ANTIVIRUS 10 EQUIPOS. POR UN AÑO
B10: VALOR OFERTA TOTAL | E10: =SUM(E8:E9) -> 0
B13: "XXXXXXXXXX XXXXXXXXXX XXXXXXXXXX XXXXXXXXXX XXXXXXXXXX (Anexar documentos e información solicitados en las consideraciones técnicas) Igualmente, mediante la presente oferta certifico que dentro de la propuesta económica se encuentran incluidos todos los costos directos e indirectos con ocasión a la celebración del contrato. La oferta presentada tiene una validez mínima de TREINTA (30) días NOMBRE DEL REPRESENTANTE LEGAL XXXXXXXX (DATOS DEL PROPONENTE)

Sheet Salarios
D2: SALARIOS - COSTOS ADMINISTRATIVOS
C4: Salario Mínimo Mensual Legal Vigente año 2021 | E4: 908526
C5: Subsidio de Transporte (salario <= 2 SMMLV) | E5: =E4*1.07*1.05 -> 1020729
B7: No. | C7: DESCRIPCIÓN | F7: SALARIO <= 2 SMMLV | G7: SALARIO > 2 SMMLV
B8: 1 | C8: PRESTACIONES SOCIALES
C9: Cesantías | F9: 0.0833 | G9: 0.0833
C10: Intereses cesantías | F10: 0.01 | G10: 0.01
C11: Vacaciones | F11: 0.0417 | G11: 0.0417
C12: Prima | F12: 0.0833 | G12: 0.0833
C13: Dotación | F13: 0.06 | G13: 0.04
B14: 2 | C14: SEGURIDAD SOCIAL
C15: Aportes régimen general de pensiones (I.V.M) | F15: 0.12 | G15: 0.12
C16: Aporte riesgos profesionales A.R.P. | F16: 0.0696 | G16: 0.0696
C17: Aportes régimen contributivo de salud | F17: 0.125 | G17: 0.085
C18: Seguro colectivo
B19: 3 | C19: OTROS APORTES
C20: Aportes SENA | F20: 0 | G20: 0.01
C21: I.C.B.F. | F21: 0 | G21: 0.03
C22: Comfamiliar | F22: 0.04 | G22: 0.04
C23: Subsidio de transporte | F23: 0.11269787 | G23: 0
C24: TOTAL PRESTACIONES | F24: =SUM(F9:F23) -> 0.74559787 | G24: =SUM(G9:G23) -> 0.6129
C26: DESCRIPCIÓN | D26: REQUISITO | E26: SALARIO MES | F26: FACTOR PRESTACIONAL | G26: VALOR TOTAL
B28: A | C28: PERSONAL TÉCNICO
C29: Director | D29: Ingeniero Civil o Sanitario | E29: 5000000 | F29: =+IF(E29<2*$E$4,1+$F$24,1+$G$24) -> 1.6129 | G29: =+E29*F29 -> 8064500
C30: Coordinador | D30: Ingeniero Civil o Sanitario | E30: 4300000 | F30: =+IF(E30<2*$E$4,1+$F$24,1+$G$24) -> 1.6129 | G30: =+E30*F30 -> 6935470
C31: Especialista Hidráulico (Redes) | D31: Ingeniero Civil o Sanitario con Especialización en Hidráulica | E31: 4000000 | F31: =+IF(E31<2*$E$4,1+$F$24,1+$G$24) -> 1.6129 | G31: =+E31*F31 -> 6451600
C32: Especialista Hidráulico (PTAP) | D32: Ingeniero Civil o Sanitario con Especialización en Hidráulica | E32: 4000000 | F32: =+IF(E32<2*$E$4,1+$F$24,1+$G$24) -> 1.6129 | G32: =+E32*F32 -> 6451600
C33: Especialista Estructural | D33: Ingeniero Civil con Especialización en Estructuras | E33: 4000000 | F33: =+IF(E33<2*$E$4,1+$F$24,1+$G$24) -> 1.6129 | G33: =+E33*F33 -> 6451600
C34: Formulador de Proyectos | D34: Administrador de Empresas, Economista o Financiero o Profesiones afines | E34: 3250000 | F34: =+IF(E34<2*$E$4,1+$F$24,1+$G$24) -> 1.6129 | G34: =+E34*F34 -> 5241925
C35: Fortalecimiento Empresarial | D35: Administrador de Empresas, Economista o Financiero o Profesiones afines | E35: 3250000 | F35: =+IF(E35<2*$E$4,1+$F$24,1+$G$24) -> 1.6129 | G35: =+E35*F35 -> 5241925
C36: Especialista en Estudios Prediales | D36: Abogado | E36: 4000000 | F36: =+IF(E36<2*$E$4,1+$F$24,1+$G$24) -> 1.6129 | G36: =+E36*F36 -> 6451600
C37: Especialista en Geotecnia | D37: Ingeniero Civil con Especialización en Geotecnia | E37: 4000000 | F37: =+IF(E37<2*$E$4,1+$F$24,1+$G$24) -> 1.6129 | G37: =+E37*F37 -> 6451600
C38: Costos y Presupuestos | D38: Ingeniero Civil con experiencia en costos y presupuestos | E38: 3250000 | F38: =+IF(E38<2*$E$4,1+$F$24,1+$G$24) -> 1.6129 | G38: =+E38*F38 -> 5241925
C39: Especialista Ambiental | D39: Ingeniero Ambiental o Administrador Ambiental | E39: 3250000 | F39: =+IF(E39<2*$E$4,1+$F$24,1+$G$24) -> 1.6129 | G39: =+E39*F39 -> 5241925
C40: Dibujante | D40: Tecnólogo | E40: 2000000 | F40: =+IF(E40<2*$E$4,1+$F$24,1+$G$24) -> 1.6129 | G40: =+E40*F40 -> 3225800
... C42: Cadenero | D42: --- | E42: 1000000 | F42: =+IF(E42<2*$E$4,1+$F$24,1+$G$24) -> 1.7455979 | G42: =+E42*F42 -> 1745597.9
C43: PERSONAL ADMINISTRATIVO
C44: Secretaria | D44: Tecnólogo | E44: =+E5 -> 1020729 | F44: =+IF(E44<2*$E$4,1+$F$24,1+$G$24) -> 1.7455979 | G44: =+E44*F44 -> 1781782.3
C45: Mensajero | D45: --- | E45: =+E5 -> 1020729 | F45: =+IF(E45<2*$E$4,1+$F$24,1+$G$24) -> 1.7455979 | G45: =+F45*E45 -> 1781782.3
B47: B | C47: COSTOS DIRECTOS
C48: DESCRIPCIÓN | E48: UNIDAD | G48: TARIFA
C50: Oficina | E50: mes | G50: 460000
C51: Equipos de Computo | E51: mes | G51: 800000
C52: Equipos de Topografía | E52: mes | G52: 5100000 | I52: 2500000
C53: Comunicaciones | E53: mes | G53: 155000
C54: Fotocopias, Ploteos y Reproducciones | E54: mes | G54: 150000
C55: Analisis de Calidad de Agua | E55: Un | G55: 2300000
C56: Estudio de Suelos | E56: Un | G56: 900000
C57: Transporte (Vehículo) | E57: mes | G57: 4500000

Sheet ANEXO_2_CONSULTORÍA
B3: CONSULTORÍA PARA LA ACTUALIZACIÓN DEL PLAN MAESTRO DE ACUEDUCTO Y ALCANTARILLADO DEL MUNICIPIO DE QUINCHÍA, DEPARTAMENTO DE RISARALDA
A5: I. PERSONAL
A6: PERSONAL | B6: UNIDAD | C6: CANT | D6: DEDICACIÓN MENSUAL (%) | E6: DURACION TOTAL (MESES) | F6: PARTICIPACIÓN | J6: SUELDO BASICO MENSUAL (TARIFA) | K6: VALOR TOTAL
F7: MES 1 | G7: MES 2 | H7: MES 3 | I7: MES 4
A8: 1. PERSONAL PROFESIONAL
A9: Director General de Proyecto | B9: H/MES | C9: 1 | D9: 0.25 | E9: 4 | F9: 0.25 | G9: 0.25 | H9: 0.25 | I9: 0.25 | K9: =+J9*(E9*D9) -> 0
A10: Coordinador | B10: H/MES | C10: 4 | D10: 1 | E10: 4 | F10: 1 | G10: 1 | H10: 1 | I10: 1 | K10: =+J10*(E10*D10) -> 0
A11: Especialista hidráulico (PTAR y alcantarillado) | B11: H/MES | C11: 1 | D11: 1 | E11: 3 | G11: 1 | H11: 1 | I11: 1 | K11: =+J11*(E11*D11) -> 0
A12: Especialista hidráulico (PTAP y acueducto) | B12: H/MES | C12: 1 | D12: 1 | E12: 3 | G12: 1 | H12: 1 | I12: 1 | K12: =+J12*(E12*D12) -> 0
A13: Especialista Estructural | B13: H/MES | C13: 1 | D13: 0.5 | E13: 2 | G13: 0.5 | H13: 0.5 | K13: =+J13*(E13*D13) -> 0
A14: Especialista Geotecnia | B14: H/MES | C14: 1 | D14: 0.5 | E14: 2 | F14: 0.5 | G14: 0.5 | K14: =+J14*(E14*D14) -> 0
A15: Profesional Ambiental | B15: H/MES | C15: 1 | D15: 0.25 | E15: 2 | F15: 0.25 | G15: 0.25 | K15: =+J15*(E15*D15) -> 0
A16: Profesional Jurídico Gestión Predial | B16: H/MES | C16: 1 | D16: 0.4 | E16: 2 | H16: 0.4 | I16: 0.4 | K16: =+J16*(E16*D16) -> 0
A17: Profesional Costos y Presupuestos | B17: H/MES | C17: 1 | D17: 1 | E17: 2 | H17: 1 | I17: 1 | K17: =+J17*(E17*D17) -> 0
A18: SUBTOTAL PERSONAL PROFESIONAL | K18: =SUM(K9:K17) -> 0
A20: 2. PERSONAL TÉCNICO
A21: Dibujante | B21: H/MES | C21: 1 | D21: 1 | E21: 4 | F21: 1 | G21: 1 | H21: 1 | I21: 1 | K21: =+J21*(E21*D21) -> 0
A22: SUBTOTAL PERSONAL TÉCNICO | K22: =+K21 -> 0
A24: 3. PERSONAL AUXILIAR TECNICO
A25: Auxiliar de Ingenieria | B25: H/MES | C25: 1 | D25: 1 | E25: 4 | F25: 1 | G25: 1 | H25: 1 | I25: 1 | K25: =+J25*(E25*D25) -> 0
A26: Secretaria | B26: H/MES | C26: 1 | D26: 1 | E26: 4 | F26: 1 | G26: 1 | H26: 1 | I26: 1 | K26: =+J26*(E26*D26) -> 0
A27: SUBTOTAL PERSONAL AUXILIAR TÉCNICO | K27: =+K25+K26 -> 0
A29: SUBTOTAL PERSONAL | K29: =+K18+K22+K27 -> 0
A30: FM | K30: =+K29*D30 -> 0
A31: TOTAL PERSONAL | K31: =(+K18+K22+K27)+K30 -> 0
A33: II. COSTOS DIRECTOS
A34: DESCRIPCIÓN | B34: UNIDAD | D34: CANTIDAD | E34: TIEMPO (MESES) | J34: TARIFA | K34: VALOR TOTAL
A35: II.1. TRAZADO TOPOGRAFÍA
A36: Trazado topográfico, incluye topógrafo, 2 cadeneros, equipo de topografía, desplazamientos, vehículo, alojamiento, comida y demás gastos que se requierean para realizar la actividad. | B36: GLOBAL | D36: 1 | E36: 1 | K36: =+J36*D36 -> 0
A37: SUBTOTAL TOPOGRAFIA | K37: =+K36 -> 0
A39: II.2. VEHÍCULOS
A40: Campero, Pick-Up, Camioneta, Camión o similar >2000 c.c. | B40: UND | D40: 0.25 | E40: 4 | F40: 0.25 | G40: 0.25 | H40: 0.25 | I40: 0.25 | K40: =+J40*(E40*D40) -> 0
A41: SUBTOTAL VEHÍCULOS | K41: =+K40 -> 0
A43: II.3. VIÁTICOS
A44: Alojamiento + Alimentación | B44: Mes | D44: 0.25 | E44: 4 | F44: 0.25 | G44: 0.25 | H44: 0.25 | I44: 0.25 | K44: =+J44*(E44*D44) -> 0
A45: SUBTOTAL VIATICOS | K45: =+K44 -> 0
A47: II.4. ESTUDIOS DE GEOTECNIA
A48: Ensayos para estudios de suelos (incluye toma y transporte) | B48: GLOBAL (RECONOCIMIENTO POR REEMBOLSO) | D48: 1 | K48: =+J48*D48 -> 0
A49: Otros estudios especializados (Est. De taludes, geomorfologicos y geofisicos ,etc.) | B49: GLOBAL (RECONOCIMIENTO POR REEMBOLSO) | D49: 1 | K49: =+J49*D49 -> 0
A50: SUBTOTAL GEOTECNIA | K50: =+K49+K48 -> 0
A52: II.5. ESTUDIOS DE CALIDAD DE AGUA
A53: Análisis físico-químico total (Incluye turbiedad, color, pH, alcalinidad, acidez, CO2, dureza total, calcio, magnesio, hierro, manganeso, cloruros, conductividad, nitrógeno amoniacal (destilación), nitrógeno orgánico, nitrógeno total Kjeldhal, sulfatos, fósforo total, oxígeno disuelto, DBO, DQO, sólidos totales, sólidos disueltos totales, sólidos suspendidos totales, sólidos totales fijos, sólidos totales volátiles, sólidos sedimentables (mL/L), grasas y aceites, SAAM) | B53: GLOBAL (RECONOCIMIENTO POR REEMBOLSO) | D53: 1 | K53: =+J53*D53 -> 0
A54: ANÁLISIS BACTERIOLÓGICO - Coliformes totales, fecales aguas residuales - filtro membrana, otros | B54: GLOBAL (RECONOCIMIENTO POR REEMBOLSO) | D54: 1 | K54: =+J54*D54 -> 0
A55: SUBTOTAL LABORATORIOS Y ESTUDIOS | K55: =+K54+K53 -> 0
A57: II.6. OTROS GASTOS
A58: Equipos de Computo | B58: MES | D58: 1 | E58: 4 | F58: 1 | G58: 1 | H58: 1 | I58: 1 | K58: =+J58*D58*E58 -> 0
A59: Comunicaciones | B59: MES | D59: 1 | E59: 4 | F59: 1 | G59: 1 | H59: 1 | I59: 1 | K59: =+J59*D59*E59 -> 0
A60: Elaboración de informes, fotocopias, ploteos y reproducciones | B60: MES | D60: 1 | E60: 4 | F60: 1 | G60: 1 | H60: 1 | I60: 1 | K60: =+J60*D60*E60 -> 0
A61: Oficina | B61: MES | D61: 1 | E61: 4 | F61: 1 | G61: 1 | H61: 1 | I61: 1 | K61: =+J61*D61*E61 -> 0
A62: SUBTOTAL INFORMACION | K62: =SUM(K58:K61) -> 0
A65: TOTAL COSTOS DIRECTOS | K65: =+K37+K41+K45+K50+K55+K62 -> 0
A67: VALOR CONSULTORIA | K67: =+K31+K65 -> 0
A68: IVA (19%) | K68: =+K67*0.19 -> 0
A69: VALOR TOTAL | K69: =+K67+K68 -> 0

Sheet ANEXO_2_INT
C1: INTERVENTORÍA PARA LA ACTUALIZACIÓN DEL PLAN MAESTRO DE ACUEDUCTO Y ALCANTARILLADO DEL MUNICIPIO DE QUINCHÍA, DEPARTAMENTO DE RISARALDA
B4: PRESUPUESTO INTERVENTORÍA: | C4: =+F34 -> 0
B5: PLAZO (MESES): | C5: 4.5
B7: PERSONAL DE PLANILLA (CON VINCULACIÓN) | C7: SUELDO MES | D7: DEDICACION MES | E7: No. MESES | F7: V/r PARCIAL
B8: Director de Interventoría | D8: 0.25 | E8: 4.5 | F8: =C8*D8*E8 -> 0
B9: Coordinador de Interventoría | D9: 0.5 | E9: 4 | F9: =C9*D9*E9 -> 0
C10: ,
D11: Factor Multiplicador | E11: =+'F.M.'!E40 -> 1.9991 | F11: =+SUM(F8:F9) -> 0
B13: Subtotal Personal de Planilla | F13: =+E11*F11 -> 0
B15: PERSONAL DE APOYO (PRESTACIÓN DE SERVICIOS) | C15: SUELDO MES | D15: DEDICACION MES | E15: No. MESES | F15: V/r PARCIAL
B16: Asesor Hidráulico | D16: 0.299955 | E16: 4 | F16: =C16*D16*E16 -> 0
B17: Asesor Estructural | D17: 0.1 | E17: 4 | F17: =C17*D17*E17 -> 0
B18: Asesor Geotécnia | D18: 0.1 | E18: 4 | F18: =C18*D18*E18 -> 0
B19: Asesor Ambiental | D19: 0.1 | E19: 4 | F19: =C19*D19*E19 -> 0
B21: Subtotal Personal de Apoyo | F21: =SUM(F16:F19) -> 0
B23: COSTOS INDIRECTOS | C23: UNIDAD | D23: CANTIDAD | E23: VALOR | F23: V/r PARCIAL
B24: Equipos de Computo | C24: Glb | D24: 1 | F24: =D24*E24 -> 0
B25: Comunicaciones | C25: Glb | D25: 1 | F25: =D25*E25 -> 0
B26: Elaboración de informes, fotocopias, ploteos y reproducciones | C26: Glb | D26: 1 | F26: =D26*E26 -> 0
B27: Oficina | C27: Glb | D27: 1 | F27: =D27*E27 -> 0
B28: Transporte (Vehículo) | C28: Glb | D28: 1 | F28: =D28*E28 -> 0
B30: Subtotal Costos Indirectos | F30: =SUM(F24:F28) -> 0
B32: COSTOS DIRECTOS | F32: =ROUND(SUM(F13+F21+F30),0) -> 0
B33: IVA (19.0%) | F33: =ROUND(0.19*(SUM(F32:F32)),0) -> 0
B34: PRESUPUESTO TOTAL INTERVENTORÍA | F34: =+F33+F32 -> 0

Sheet F.M.
B2: FACTOR MULTIPLICADOR PARA PERSONAL PROFESIONAL, ADMINISTRATIVO Y TÉCNICA
B4: No. | C4: CONCEPTO | D4: FORMULA | E4: PORCENTAJE
B6: A | C6: VALOR BASE | D6: SALARIO | E6: 1
B8: B | C8: PRESTACIONES SOCIALES | E8: =ROUND(SUM(E9:E22),4) -> 0.7084
B9: a | C9: Cesantías | D9: A/12 | E9: 0.0833
B10: b | C10: Intereses sobre Cesantías | D10: a*12% | E10: 0.01
B11: c | C11: Vacaciones | D11: (15/360*100) | E11: 0.0472
B12: d | C12: Prima Anual | D12: A/12 | E12: 0.0833
B13: e | C13: Dotación | D13: %A | E13: 0.06
B14: f | C14: Aporte Pensión | D14: %A | E14: 0.12
B15: g | C15: Aporte Salud | D15: %A | E15: 0.085
B16: h | C16: Aporte Riesgos Profesionales | D16: %A | E16: 0.0696
B17: i | C17: Aportes FIC | D17: %A | E17: 0
B18: j | C18: Comfamiliar | D18: %A | E18: 0.04
B19: k | C19: ICBF | D19: %A | E19: 0.02
B20: l | C20: SENA | D20: %A | E20: 0.03
... B22: n | C22: Examenes medicos de ingreso y egreso | D22: %A | E22: 0.01
B24: C | C24: SUMA PARCIAL | D24: A + B | E24: =+E6+E8 -> 1.7084
B26: D | C26: COSTOS INDIRECTOS | E26: =ROUND(SUM(E28:E34),4) -> 0.109
C27: Gastos Administrativos, Bancarios, Financieros, Tributarios y de Perfeccionamiento | E27: =+SUM(E28:E34) -> 0.109
C28: Perfeccionamiento | D28: %A | E28: 0.032
C29: Contribución Obra Pública | D29: %A | E29: 0
C30: Estampilla Prohospital | D30: %A | E30: 0.02
C31: Estampilla Prodesarrollo | D31: %A | E31: 0.02
C32: Estampilla Proadulto mayor | D32: %A | E32: 0.03
C33: Industria y Comercio | D33: %A | E33: 0.007
C34: Asesoria Legal, Tributaria y Personal no facturable | D34: %A | E34: 0
B36: E | C36: SUBTOTAL | D36: C + D | E36: =+E24+E26 -> 1.8174
B38: F | C38: HONORARIOS (UTILIDAD DEL CONSULTOR) | D38: E * 10% | E38: =ROUND(10%*E36,4) -> 0.1817
B40: G | C40: TOTAL FACTOR MULTIPLICADOR | D40: E + F | E40: =+E36+E38 -> 1.9991

Sheet Personal
B1: EXPERIENCIA DE PROFESIONALES
A3: CARGO | B3: REQUISITO | C3: EXPERIENCIA
C4: GENERAL | D4: ESPECIFICA
A5: Director | B5: Ingeniero Civil o Sanitario | C5: Mínimo 10 años desde la expedición de la Matricula Profesional | D5: Mínimo 5 años de experiencia en formulación de proyectos o diseños de obras de acueducto.
A6: Especialista Hidráulico en redes | B6: Ingeniero Civil o Sanitario | C6: Mínimo 5 años desde la expedición de la Matricula Profesional | D6: Mínimo 3 años de experiencia en formulación de proyectos o diseños de obras de acueducto, las cuales demostrará con sumatoria de tiempos de contratos ejecutados o como funcionario con funciones especificas en Entidades del Estado.
A7: Especialista Hidráulico PTAP | B7: Ingeniero Civil o Sanitario | C7: Mínimo 5 años desde la expedición de la Matricula Profesional | D7: Mínimo 3 años de experiencia en formulación de proyectos o diseños de Plantas de Tratamiento de Agua Potable, las cuales demostrará con sumatoria de tiempos de contratos ejecutados o como funcionario con funciones especificas en Entidades del Estado.
A8: Especialista Estructural | B8: Ingeniero Civil con Especialización en Estructuras | C8: Mínimo 5 años desde la expedición de la Matricula Profesional | D8: Mínimo 2 años de experiencia en formulación de proyectos y diseños de estructuras de obras, Plantas de Tratamiento de Agua Potable o tanques de almacenamiento.
A9: Especialista Fortalecimiento Institucional | B9: Administrador de Empresas, Economista o Financiero o Profesiones afines | C9: Mínimo 6 años desde la expedición de la Matricula Profesional o fecha de grado | D9: Mínima de 4 años en actividades de creación de empresa prestadora de los servicios y/o fortalecimiento institucional de la Empresa Prestadora y administración y/o gerencia de empresas prestadoras de servicios.
A10: Especialista en Estudios Prediales | B10: Abogado | C10: Mínimo 5 años desde la expedición de la Matricula Profesional o fecha de grado | D10: Mínima de 4 años en actividades de analisis de títulos de predios, en estudios de títulos de predios, viabilidad de servidumbres, tramite de permisos, gestor para la obtención títulos de propiedad y permisos para ejecución de proyectos de infraestructura.
A11: Especialista en Geotecnia | B11: Ingeniero Civil con Especialización en Geotecnia | C11: Mínimo 5 años desde la expedición de la Matricula Profesional | D11: Mínimo 2 años de experiencia en formulación de proyectos y diseños de estructuras de obras de acueducto, Plantas de Tratamiento de Agua Potable o tanques de almacenamiento.
A12: Especialista Eléctrico | B12: Ingeniero Eléctrico | C12: Mínimo 5 años desde la expedición de la Matricula Profesional | D12: Mínimo 2 años de experiencia en formulación de proyectos y diseños de estructuras de obras de acueducto, Plantas de Tratamiento de Agua Potable o tanques de almacenamiento.
A13: Topógrafo | B13: Tecnólogo | C13: Mínimo 5 años desde la expedición de la Matricula Profesional | D13: Mínimo 2 años de experiencia en formulación de proyectos y diseños de estructuras de obras de acueducto, Plantas de Tratamiento de Agua Potable o tanques de almacenamiento.
